 Dungeon Crawl Stone Soup version 0.30.1-4-g462c640d31 (webtiles) character file.

Game seed: 13570351785687402464

5716 Logoto the Arsonist (level 10, 0/80 HPs)
             Began as a Black Draconian Fire Elementalist on Aug 18, 2023.
             Was a Follower of Vehumet.
             Succumbed to Amaemon's poison
             ... on level 8 of the Dungeon.
             The game lasted 00:28:42 (9981 turns).

Logoto the Arsonist (DrFE)                          Turns: 9981, Time: 00:28:42

Health: 0/80       AC:  8    Str: 15    XL:     10   Next: 48%
Magic:  16/22      EV: 18    Int: 21    God:    Vehumet [*.....]
Gold:   429        SH:  0    Dex: 12    Spells: 22/25 levels left

rFire   . . .        I - +5 woodcutter's axe
rCold   . . .        (shield currently unavailable)
rNeg    . . .        (body armour unavailable)
rPois   .            (helmet restricted)
rElec   +            (no cloak)
rCorr   .            (no gloves)
SInv    .            h - +0 pair of boots
Will    .....        (no amulet)
Stlth   ++           p - +6 ring of intelligence
HPRegen 0.33/turn    x - +5 ring of evasion
MPRegen 0.18/turn

%: no passive effects
@: lethally poisoned (0 -> -3), attractive
A: breathe lightning, AC +7, unfitting armour, electricity resistance,
cold-blooded
a: Breathe Lightning, Renounce Religion


You were on level 8 of the Dungeon.
You worshipped Vehumet.
Vehumet was aware of your devotion.
You visited 2 branches of the dungeon, and saw 10 of its levels.

You collected 564 gold pieces.
You spent 135 gold pieces at shops.

Inventory:

Hand Weapons
 u - a +0 battleaxe
 I - the +5 woodcutter's axe (weapon)
   (You found it on level 6 of the Dungeon)
 J - a +1 hand axe of venom
Missiles
 e - 70 stones
Armour
 h - a +0 pair of boots (worn)
 H - a +0 buckler
Magical Staves
 k - a staff of cold
Jewellery
 p - a +6 ring of intelligence (left hand)
 t - a ring of wizardry
 x - a +5 ring of evasion (right hand)
Wands
 C - a wand of charming (9)
 D - a wand of polymorph (13)
Scrolls
 c - 8 scrolls of identify
 i - 4 scrolls of teleportation {unknown}
 l - a scroll of noise {unknown}
 m - 2 scrolls of magic mapping {unknown}
 n - 2 scrolls of vulnerability {unknown}
 o - 2 scrolls of enchant weapon {unknown}
 q - 2 scrolls of summoning {unknown}
 r - 7 scrolls of poison {unknown}
 s - 4 scrolls of fog {unknown}
 y - 2 scrolls of blinking {unknown}
 z - a scroll of amnesia {unknown}
 A - 2 scrolls of silence {unknown}
 F - a scroll of enchant armour {unknown}
 G - 2 scrolls of torment {unknown}
Potions
 a - 2 potions of magic
 b - 6 potions of attraction
 d - 2 potions of degeneration {unknown}
 f - 5 potions of might
 g - 2 potions of flight {unknown}
 j - 5 potions of curing
 v - a potion of lignification {unknown}
 w - 2 potions of cancellation {unknown}
 B - a potion of heal wounds {unknown}
 E - 2 potions of brilliance {unknown}
 K - a potion of mutation {unknown}


   Skills:
 + Level 4.4 Fighting
 + Level 4.7 Axes
 + Level 5.1 Dodging
 + Level 4.1 Stealth
 + Level 1.0 Unarmed Combat
 + Level 8.4 Spellcasting
 + Level 3.4 Conjurations
 + Level 9.1 Fire Magic


You had 22 spell levels left.
You knew the following spells:

 Your Spells              Type           Power      Damage    Failure   Level
a - Foxfire               Conj/Fire      100%       2x1d9     1%          1
b - Scorch                Fire           94%        2d9       1%          2

Your spell library contained the following spells:

 Spells                   Type           Power      Damage    Failure   Level
 Freeze                   Ice            32%        1d5       8%          1
 Inner Flame              Hex/Fire       27%        N/A       3%          3
 Volatile Blastmotes      Fire/Tloc      54%        2d14      3%          3
 Momentum Strike          Conj/Tloc      32%        3d8       6%          2
 Flame Wave               Conj/Fire      35%        2d10      6%          4
 Ignite Poison            Fire/Tmut/Pois 21%        N/A       7%          3
 Slow                     Hex            32%        N/A       8%          1
 Blink                    Tloc           16%        N/A       12%         2
 Cigotuvi's Dreadful Rot  Necr/Pois/Air  16%        N/A       12%         2
 Ensorcelled Hibernation  Hex/Ice        16%        N/A       12%         2
 Lesser Beckoning         Tloc           16%        N/A       12%         2
 Confusing Touch          Hex            8%         N/A       22%         3
 Ozocubu's Armour         Ice            8%         N/A       22%         3
 Spider Form              Tmut/Pois      8%         N/A       22%         3
 Vampiric Draining        Necr           8%         2d6       22%         3
 Anguish                  Hex/Necr       4%         N/A       58%         4
 Freezing Cloud           Conj/Ice/Air   6%         6-21      78%         5
 Alistair's Intoxication  Tmut/Pois      5%         N/A       91%         5
 Borgnjor's Vile Clutch   Necr/Erth      4%         N/A       91%         5
 Eringya's Noxious Bog    Tmut/Pois      4%         N/A       100%        6
 Ozocubu's Refrigeration  Ice            4%         4d8       100%        7


Dungeon Overview and Level Annotations

Branches:
Dungeon (9/15)             Temple (1/1) D:7
   Lair: D:8-11         Orc: D:9-12

Altars:
Ashenzari
Cheibriados
Dithmenos
Elyvilon
Fedhas
Gozag
Hepliaklqana
Kikubaaqudgha
Makhleb
Nemelex Xobeh
Okawaru
Qazlal
Ru
Sif Muna
Trog
Uskayaw
Vehumet
Wu Jian
Yredelemnul
Zin
The Shining One

Shops:
D:4 (*!*:   D:6 [

Annotations:
D:8 Amaemon
D:9 Maurice


Innate Abilities, Weirdness & Mutations

You can breathe wild blasts of lightning.
Your glossy black scales are hard. (AC +7)
You cannot fit into any form of body armour.
You are resistant to electric shocks. (rElec)
You are cold-blooded and may be slowed by cold attacks.


Message History

Amaemon hits you with a -2 demon whip of venom!
You are poisoned.
Amaemon claws you!
* * * LOW HITPOINT WARNING * * *
Amaemon tail-slaps you but does no damage.
You can't go down here!
You feel very sick.
The scorpion stings you but does no damage.
The scorpion misses you. x2
Amaemon points at the scorpion and mumbles some strange words.
The scorpion seems to grow toxic.
The troll closely misses you. The troll claws you!
* * * LOW HITPOINT WARNING * * *
The troll barely misses you.
You climb upwards.
The scorpion disappears in a puff of smoke! x3
* * * LOW HITPOINT WARNING * * *
You feel very sick.
There is a stone staircase leading down here.
Casting: Scorch (safe; 1% risk of failure)
Confirm with . or Enter, or press ? or * to list all spells.
Flames lash the troll.
The troll is burned terribly!
You kill the troll!
Vehumet accepts your kill.
The troll leather armour is intact enough to wear.
* * * LOW HITPOINT WARNING * * *
You feel sick.
Amaemon gestures wildly while chanting.
It was a potion of attraction.
You feel attractive to monsters.
* * * LOW HITPOINT WARNING * * *
You feel sick.
Amaemon casts a spell at the scorpion.
The scorpion seems to grow toxic.
Casting: Scorch (safe; 1% risk of failure)
Confirm with . or Enter, or press ? or * to list all spells.
Flames lash the scorpion.
The scorpion is heavily wounded.
The scorpion's fire resistance burns away.
You die...

..# #.......# #...#
#. ### #.#######
#...# #. ..#######.#
########...### ##
..........#
#............#
..#########
####.####.#.....#
###
#......##.#.#.#.####
#.##.#..........##..
#.##[#.##.....#.##.#
#)#@...............#
#>#6##.##.......###.
#)#s##.###......# #.
#..s..)##.......# #.
###.#####.......# ##
#.# #.......#### #.#
#........... #.#
#.......#### #.#
#.......##..


You could see Amaemon and 2 scorpions.

Vanquished Creatures
  3 two-headed ogres (D:8)
  An orange demon (D:9)
  A troll (D:8)
  A wraith (D:9)
  A steam dragon (D:9)
  2 water moccasins
  A sky beast (D:6)
  An ice beast (D:8)
  3 black bears
  An ogre (D:4)
  5 phantoms
  A kobold brigand (D:9)
  2 gnoll sergeants
  2 scorpions
  10 killer bees (D:8)
  5 howler monkeys
  8 hounds
  7 orc priests
  2 gnoll boudas
  3 jellies
  2 iguanas
  2 sleepcaps
  Natasha (twice) (D:2)
  5 orc wizards
  Robin (D:4)
  7 gnolls
  9 adders
  A white imp (D:8)
  3 dart slugs
  13 orcs
  15 ball pythons
  6 endoplasms (D:1)
  2 giant cockroaches
  14 goblins
  10 hobgoblins
  4 quokkas
  7 bats
  4 frilled lizards
  7 kobolds
174 creatures vanquished.

Vanquished Creatures (others)
  233 foxfires
233 creatures vanquished.

Grand Total: 407 creatures vanquished

Notes
Turn   | Place    | Note
-------+----------+-------------------------------------------
     0 | D:1      | Logoto the Draconian Fire Elementalist began the quest for
                  | the Orb.
     0 | D:1      | Reached XP level 1. HP: 14/14 MP: 3/3
   322 | D:1      | Reached XP level 2. HP: 20/20 MP: 3/5
   886 | D:1      | Found a faded altar of an unknown god.
  1285 | D:2      | Learned a level 2 spell: Scorch
  1406 | D:2      | Reached XP level 3. HP: 26/26 MP: 3/6
  1453 | D:2      | Found a shadowy altar of Dithmenos.
  1728 | D:2      | Noticed Natasha
  1736 | D:2      | Killed Natasha
  2042 | D:2      | Noticed Natasha
  2049 | D:2      | Killed Natasha
  2050 | D:2      | Reached XP level 4. HP: 24/33 MP: 2/7
  2274 | D:3      | Reached skill level 4 in Fire Magic
  2797 | D:4      | Reached XP level 5. HP: 38/38 MP: 3/9
  2943 | D:4      | Noticed Robin
  3094 | D:4      | Noticed an ogre
  3158 | D:4      | Killed Robin
  3354 | D:4      | Killed an ogre
  3355 | D:4      | Reached XP level 6. HP: 4/46 MP: 3/11
  3658 | D:4      | Found Fakhlauss's Weapon Emporium.
  3664 | D:4      | Bought a +0 battleaxe for 65 gold pieces
  3789 | D:4      | Found Vyne's Book Boutique.
  3838 | D:4      | Reached skill level 1 in Unarmed Combat
  3911 | D:4      | Found a glowing golden altar of the Shining One.
  3997 | D:4      | You fall into a shaft and drop 3 floors!
  4031 | D:5      | Entered Level 5 of the Dungeon
  4036 | D:5      | Reached skill level 1 in Axes
  4120 | D:4      | Found Boptarr's General Store.
  4125 | D:4      | Bought a scroll of identify for 28 gold pieces
  4125 | D:4      | Bought a potion of curing for 42 gold pieces
  4326 | D:4      | Found Neuvvuec's General Store.
  4360 | D:4      | Found Dugeimit's Distillery.
  4558 | D:4      | Your scales start taking on a glossy black colour.
  4558 | D:4      | Reached XP level 7. HP: 32/51 MP: 2/13
  4558 | D:4      | Gained mutation: You are resistant to electric shocks.
                  | (rElec) [Black Draconian growth]
  4713 | D:5      | Reached skill level 1 in Fighting
  4713 | D:5      | Reached skill level 5 in Fire Magic
  5076 | D:5      | Found a snail-covered altar of Cheibriados.
  5183 | D:5      | Found an ancient bone altar of Kikubaaqudgha.
  5653 | D:6      | Reached XP level 8. HP: 43/59 MP: 8/15
  5815 | D:6      | Reached skill level 5 in Spellcasting
  5959 | D:6      | Found Icaotoel's Antique Armour Emporium.
  6041 | D:6      | Found a sparkling altar of Nemelex Xobeh.
  6053 | D:6      | Reached skill level 6 in Fire Magic
  6063 | D:6      | Identified the +0 robe of Ru's Inspiration {-Tele Fly rF+
                  | rC+}
  6868 | D:6      | Found the +5 woodcutter's axe
  7393 | D:7      | Found a staircase to the Ecumenical Temple.
  7408 | D:7      | Reached XP level 9. HP: 66/67 MP: 10/18
  7501 | Temple   | Entered the Ecumenical Temple
  7570 | Temple   | Became a worshipper of Vehumet
  7690 | D:7      | Found a stormy altar of Qazlal.
  7968 | D:7      | Reached skill level 7 in Fire Magic
  8122 | D:8      | Found an iron altar of Okawaru.
  8123 | D:8      | Found a sacrificial altar of Ru.
  8950 | D:8      | Noticed a two-headed ogre
  8972 | D:8      | Killed a two-headed ogre
  8973 | D:8      | Reached skill level 8 in Fire Magic
  9182 | D:9      | Found a shadowy altar of Dithmenos.
  9206 | D:9      | Noticed a two-headed ogre
  9286 | D:8      | Killed a two-headed ogre
  9287 | D:8      | Reached XP level 10. HP: 60/78 MP: 14/21
  9409 | D:9      | Reached * piety under Vehumet
  9409 | D:9      | Offered knowledge of Freeze by Vehumet.
  9446 | D:9      | Found the +6 shillelagh "Devastator" {shatter}
  9447 | D:9      | Noticed a gargoyle
  9447 | D:9      | Noticed a two-headed ogre
  9469 | D:8      | Killed a two-headed ogre
  9470 | D:8      | Reached skill level 5 in Dodging
  9610 | D:9      | Found a blossoming altar of Fedhas.
  9612 | D:9      | Noticed Maurice
  9613 | D:9      | Noticed an orange demon
  9672 | D:9      | Found a broken altar of Ashenzari.
  9720 | D:9      | Noticed Amaemon
  9747 | D:9      | Killed an orange demon
  9814 | D:9      | Reached skill level 9 in Fire Magic
  9978 | D:8      | HP: 3/80 [poisoned by Amaemon]
  9979 | D:8      | HP: 1/80 [poisoned by Amaemon]
  9981 | D:8      | Succumbed to Amaemon's poison

Illustrated notes

Levels and vault maps discovered:
D:1:      dpeg_arrival_renting, layout_loops_ring,
          shapermc_ecumenical_altar_mp_highgroup, st_stairs_9
D:2:      layout_basic, basic_altar, solitary_fountain, uniq_natasha
D:3:      layout_rooms
D:4:      layout_loops_ring, general_overflow_altar, serial_shops,
          nicolae_shop_crystal, nicolae_shop_rolling_square, shop,
          nicolae_shop_hallway_stairs, nicolae_shop_waterfront,
          kennysheep_potato, uniq_robin
D:5:      layout_loops_ring, mainiacjoe_overflow_six_doors_small,
          mainiacjoe_overflow_small_starburst
D:6:      layout_basic, nemelex_xobeh_ov_fountains_minmay, serial_shops,
          kennysheep_mini_moat, pf_guarded_unrand_woodcutter
D:7:      layout_loops_ring, nicolae_qazlal_general_emergency,
          minmay_temple_entry_glass, minmay_checkerbox
D:8:      layout_loops_cross, chequers_temple_overflow_statue_of_worship
D:9:      layout_irregular_city, mainiacjoe_overflow_catwalk, tgw_xom,
          mainiacjoe_overflow_24_doors, lemuel_round_altar,
          grunt_decor_resistance, nrook_mini_backslash,
          dilly_guarded_unrand_devastator, uniq_maurice, uniq_amaemon
Temple:   nicolae_temple_ecumenical_triangle

Skill      XL: |  1  2  3  4  5  6  7  8  9 10 |
---------------+-------------------------------+-----
Stealth        | 2 3 4 |  4.1
Dodging        | 2 3 4 5 |  5.1
Fire Magic     | 4 5 6 8 9 |  9.1
Spellcasting   | 3 4 6 7 8 |  8.4
Unarmed Combat | 1 |  1.0
Axes           | 1 3 4 |  4.7
Fighting       | 1 2 4 |  4.4
Conjurations   | 2 3 |  3.4

Action                     |  1- 3 |  4- 6 |  7- 9 | 10-12 || total
---------------------------+-------+-------+-------+-------++-------
  Melee: Unarmed           |    50 |    54 |       |       ||   104
         Tailslap          |     6 |    13 |    19 |       ||    38
         Battleaxe         |       |    70 |   154 |    11 ||   235
   Cast: Foxfire           |    43 |    25 |    72 |    24 ||   164
         Scorch            |     6 |    41 |    75 |    20 ||   142
Ability: Breathe Lightning |       |       |     2 |       ||     2
    Use: Potion            |       |       |       |     1 ||     1
   Stab: Sleeping          |     2 |     2 |     3 |       ||     7
         Distracted        |       |     1 |     1 |       ||     2
 Armour: Skin              |    42 |    71 |    64 |    10 ||   187
  Dodge: Dodged            |    56 |   150 |   248 |    47 ||   501
